 Dungeon Sprint DCSS version 0.28-a0-87-g9a7839dea9 (webtiles) character file.

Game seed: 17980163115950985456

11786 xpp the Warrior (level 12, -8/113 HPs)
             Began as a Human Berserker on Aug 7, 2021.
             Was an Elder of Trog.
             Mangled by a bone dragon (13 damage)
             ... in the Dungeon (Sprint II: "The Violet Keep of Menkaure").
             The game lasted 00:27:17 (2558 turns).

xpp the Warrior (Human Berserker)                   Turns: 2558, Time: 00:27:17

Health: -8/113     AC: 17    Str: 20    XL:     12   Next: 12%
Magic:  12/12      EV: 12    Int:  8    God:    Trog [****..]
Gold:   421        SH:  0    Dex: 15    Spells: 11/11 levels left

rFire   + . .      SeeInvis .   s - +9 long sword of Trial by Ordeal {flame, rElec rPois Will- Stlth+}
rCold   + . .      Faith    .   (no shield)
rNeg    . . .      Spirit   .   n - +0 plate armour
rPois   +          Reflect  .   p - +0 helmet
rElec   +          Harm     .   o - scarf {shadows}
rCorr   +          Rampage  .   (no gloves)
Will    .....      Rnd*Rage +   (no boots) Stlth ..........NoTele +
                                (no amulet)
HPRegen 0.28/turn               b - ring of poison resistance
MPRegen 0.13/turn               w - +4 ring of slaying

@: resistant, on berserk cooldown, slowed, very slow
A: berserk 1
a: Renounce Religion, Berserk, Trog's Hand, Brothers in Arms


You were in the Dungeon.
You worshipped Trog.
Trog was greatly pleased with you.
You visited 1 branch You collected 1680 gold pieces.
You spent 1259 gold pieces at shops.

Inventory:

Hand Weapons
 f - a +0 arbalest
 i - the +7 scimitar of Woe {freeze, +Blink rC- rCorr}
   (You bought it in a shop in the Dungeon)

   It freezes those it strikes, dealing additional cold damage.
   It can also slow down cold-blooded creatures.
   rC:        It makes you vulnerable to cold.
   +Blink:    It lets you blink.
   rCorr:     It protects you from acid and corrosion.
 j - a +3 vorpal great sword
 s - the +9 long sword of Trial by Ordeal (weapon) {flame, rElec rPois Will- Stlth+}
   (Trog gifted it to you in the Dungeon)

   It burns those it strikes, dealing additional fire damage.
   Big, fiery blades are also staple armaments of hydra-hunters.
   rElec:     It insulates you from electricity.
   rPois:     It protects you from poison.
   Will:      It decreases your willpower.
   Stlth:     It makes you more stealthy.
Missiles
 g - 93 bolts
Armour
 a - the +0 scale mail "Bioxka" {Int+4}
   (You bought it in a shop in the Dungeon)

   Int:       It affects your intelligence (+4).
 n - a +0 plate armour (worn)
 o - a scarf of shadows (worn)
 p - a +0 helmet (worn)
Jewellery
 b - a ring of poison resistance (left hand)
 w - a +4 ring of slaying (right hand)
Scrolls
 h - a scroll of blinking
 l - a scroll of fog
 r - a scroll of magic mapping {unknown}
 x - 2 scrolls of enchant weapon
Potions
 c - 2 potions of curing
 e - a potion of haste
 k - a potion of might
 m - a potion of mutation
 q - 7 potions of flight
 v - 2 potions of resistance


   Skills:
 + Level 16.4 Fighting
 - Level 14.0 Long Blades
 + Level 13.6 Armour
 * Level 13.4 Dodging


You had 11 spell levels left.
You didn't know any spells.
Your spell library was empty.

Dungeon Overview and Level Annotations

Branches:
Dungeon (1/1)

Altars:
Cheibriados
Dithmenos
Elyvilon
Fedhas
Gozag
Hepliaklqana
Kikubaaqudgha
Makhleb
Nemelex Xobeh
Okawaru
Qazlal
Ru
Sif Muna
Trog
Uskayaw
Vehumet
Wu Jian
Xom
Yredelemnul
Zin
The Shining One
Beogh
Jiyva
Lugonu

Shops:
D ![:=**:[!=(*(?!

Annotations:
D exclusion: oklob plant


Innate Abilities, Weirdness & Mutations

You tend to lose your temper in combat.


Message History

Your troll dies!
Your troll's corpse disappears in a puff of smoke!
The storm dragon roars deafeningly!
You feel much better.
You feel the effects of Trog's Hand fading.
The bone dragon bites you but does no damage.
The bone dragon claws you but does no damage.
The bone dragon tramples you but does no damage.
The deep elf high priest utters an invocation to its god.
The deep elf high priest begins emitting a brilliant aura!
The frost giant is empowered by the deep elf high priest's aura!
The storm dragon breathes lightning at you.
The bolt of lightning hits you! You resist. The bone dragon closely misses you.
The bone dragon claws you but does no damage.
The bone dragon tramples you.
You hold your ground!
The bone dragon bites you!
* * * LOW HITPOINT WARNING * * *
The bone dragon claws you but does no damage.
The bone dragon closely misses you.
There is an open door, spattered with blood here.
Okay, then.
Your ogre goes berserk!
Trog will no longer gift you weapons. The bone dragon bites your ogre!
The bone dragon claws your ogre!
The bone dragon tramples your ogre but does no damage.
The storm dragon breathes lightning at you.
The bolt of lightning hits the bone dragon!
The bone dragon resists.
The bolt of lightning hits you! You resist.
* * * LOW HITPOINT WARNING * * *
The bolt of lightning hits you! You resist.
* * * LOW HITPOINT WARNING * * *
The bolt of lightning hits your ogre!!!
Your ogre dies!
Your ogre's corpse disappears in a puff of smoke!
You feel better.
Your skin stops crawling.
You feel less strong-willed. The bone dragon bites you!
* * * LOW HITPOINT WARNING * * *
The bone dragon claws you!
You die...

#### #+##..# #.DD@## #C.###
####[.+ #...####
CeD...)))## ^
############)≈#+++#++ .
###########≈≈≈........
##∩.......#≈≈≈≈.##+##..
##.∩....!∩#≈≈≈≈##.#.##.####


You could see a bone dragon, a storm dragon and a frost giant (empowered).

Vanquished Creatures
  A cacodemon (D)
  A centaur warrior (D)
  A hell hog (D)
  A skeletal warrior (D)
  2 deep trolls (D)
  An elephant (D)
  A kobold demonologist (D)
  A yaktaur (D)
  A polar bear (D)
  A hornet (D)
  4 neqoxecs (D)
  A vampire mosquito (D)
  Menkaure (D)
  6 water moccasins (D)
  5 necrophages (D)
  4 scorpions (D)
  An iron imp (D)
  3 worms (D)
36 creatures vanquished.

Vanquished Creatures (collateral kills)
  A golden dragon (D)
  A kraken (D)
  Kirke (D)
  A yaktaur captain (D)
  A hell hog (D)
  2 polar bears (D)
  4 tentacles (D)
11 creatures vanquished.

Vanquished Creatures (others)
  A water moccasin (D)
  12 tentacles (D)
13 creatures vanquished.

Grand Total: 60 creatures vanquished

Notes
Turn   | Place    | Note
-------+----------+-------------------------------------------
     0 | D        | xpp the Human Berserker began the quest for the Orb.
     0 | D        | Reached XP level 1. HP: 18/18 MP: 1/1
     1 | D        | Noticed a necrophage
     1 | D        | Noticed a necrophage
     1 | D        | Noticed a necrophage
     1 | D        | Noticed a necrophage
     8 | D        | Killed a necrophage
     9 | D        | Reached skill level 6 in Fighting
     9 | D        | Reached XP level 2. HP: 21/28 MP: 2/2
     9 | D        | Reached XP level 3. HP: 25/34 MP: 3/3
     9 | D        | Reached XP level 4. HP: 30/40 MP: 4/4
    13 | D        | Killed a necrophage
    14 | D        | Reached skill level 7 in Fighting
    14 | D        | Reached XP level 5. HP: 25/48 MP: 5/5
    19 | D        | Killed a necrophage
    19 | D        | Reached ** piety under Trog
    20 | D        | Reached skill level 8 in Fighting
    20 | D        | Reached XP level 6. HP: 22/56 MP: 6/6
    32 | D        | Killed a water moccasin
    37 | D        | Killed a necrophage
    38 | D        | Reached skill level 5 in Dodging
   225 | D        | Noticed a neqoxec
   228 | D        | Gained mutation: You tend to lose your temper in combat. [a
                  | neqoxec]
   235 | D        | Killed a neqoxec
   236 | D        | Reached skill level 9 in Fighting
   236 | D        | Reached XP level 7. HP: 64/64 MP: 7/7
   291 | D        | Reached *** piety under Trog
   295 | D        | Found Suxuotea's Antique Weapon Shop.
   295 | D        | Found Ygynity's Jewellery Boutique.
   295 | D        | Found Lykounoin's Distillery.
   295 | D        | Found Jatariq's Antique Weapon Boutique.
   295 | D        | Found Nyeju's Assorted Antiques.
   295 | D        | Found Tidov's Magic Scroll Boutique.
   348 | D        | Found Atedwila's Distillery.
   348 | D        | Found Tefessypn's Antique Armour Shop.
   409 | D        | Found Wyufra's Book Shop.
   409 | D        | Found Puuvaif's Assorted Antiques.
   409 | D        | Noticed Menkaure
   409 | D        | Noticed a wyvern
   409 | D        | Noticed a wyvern
   422 | D        | Killed Menkaure
   423 | D        | Reached skill level 10 in Fighting
   423 | D        | Reached skill level 10 in Long Blades
   477 | D        | Reached **** piety under Trog
   478 | D        | Reached skill level 5 in Armour
   478 | D        | Reached XP level 8. HP: 73/73 MP: 8/8
   672 | D        | Reached skill level 11 in Fighting
   678 | D        | Reached ***** piety under Trog
   713 | D        | Noticed an ice statue
   725 | D        | Found Qiarumaj's Assorted Antiques.
   725 | D        | Found Deckaelu's Jewellery Shop.
   725 | D        | Noticed an oklob plant
   725 | D        | Noticed a wyvern
   725 | D        | Noticed a wyvern
   726 | D        | Found Lanyabamp's Antique Armour Shop.
   726 | D        | Found Gefos's Distillery.
   726 | D        | Found Bofac's Book Shoppe.
   726 | D        | Noticed a wyvern
   730 | D        | Noticed a slime creature
   745 | D        | Noticed a slime creature
   746 | D        | Bought a potion of heal wounds for 60 gold pieces
   746 | D        | Bought a potion of curing for 36 gold pieces
   766 | D        | Bought an encrusted scimitar for 234 gold pieces
   766 | D        | Identified the +7 scimitar of Woe {freeze, +Blink rC-
                  | rCorr} (You bought it in a shop in the Dungeon)
   769 | D        | Noticed a slime creature
   772 | D        | Bought a glimmering scale mail for 243 gold pieces
   772 | D        | Identified the +0 scale mail "Bioxka" {Int+4} (You bought
                  | it in a shop in the Dungeon)
   804 | D        | Bought a potion of heal wounds for 65 gold pieces
   805 | D        | Bought a ring of poison resistance for 240 gold pieces
   932 | D        | Found an iron altar of Okawaru.
   932 | D        | Found an opulent altar of Gozag.
   933 | D        | Found a sparkling altar of Nemelex Xobeh.
   933 | D        | Found a blossoming altar of Fedhas.
   935 | D        | Found a radiant altar of Vehumet.
   935 | D        | Found a burning altar of Makhleb.
   935 | D        | Found a white marble altar of Elyvilon.
   936 | D        | Found a hide-covered altar of Uskayaw.
   936 | D        | Found a corrupted altar of Lugonu.
   936 | D        | Found a shadowy altar of Dithmenos.
   937 | D        | Found a glowing silver altar of Zin.
   937 | D        | Found a bloodstained altar of Trog.
   937 | D        | Found an ancient bone altar of Kikubaaqudgha.
   938 | D        | Found a snail-covered altar of Cheibriados.
   939 | D        | Found a basalt altar of Yredelemnul.
   939 | D        | Found a shimmering blue altar of Sif Muna.
   939 | D        | Found a viscous altar of Jiyva.
   940 | D        | Found a shimmering altar of Xom.
   940 | D        | Found a sacrificial altar of Ru.
   949 | D        | Reached XP level 9. HP: 82/82 MP: 9/9
  1116 | D        | Found a glowing golden altar of the Shining One.
  1116 | D        | Found an ornate altar of the Wu Jian Council.
  1116 | D        | Found a stormy altar of Qazlal.
  1116 | D        | Noticed a polar bear
  1116 | D        | Noticed a polar bear
  1119 | D        | Noticed a yaktaur
  1121 | D        | Noticed a hornet
  1123 | D        | Killed a polar bear
  1124 | D        | Reached skill level 12 in Fighting
  1126 | D        | Killed a polar bear
  1127 | D        | Killed a yaktaur
  1128 | D        | Killed a hornet
  1232 | D        | Noticed a polar bear
  1236 | D        | Killed a polar bear
  1389 | D        | Noticed a kraken
  1405 | D        | Received a gift from Trog
  1406 | D        | Reached XP level 10. HP: 59/91 MP: 10/10
  1672 | D        | Found a hazy altar of Hepliaklqana.
  1686 | D        | Reached skill level 13 in Fighting
  1718 | D        | Killed a kraken
  1719 | D        | Reached skill level 10 in Dodging
  1904 | D        | Noticed a deep troll
  1912 | D        | Noticed a deep troll
  1913 | D        | Killed a deep troll
  1918 | D        | Killed a deep troll
  1919 | D        | Reached skill level 14 in Fighting
  2176 | D        | Bought a scroll of identify for 20 gold pieces
  2176 | D        | Bought a scroll of identify for 20 gold pieces
  2176 | D        | Bought a scroll of identify for 20 gold pieces
  2176 | D        | Bought a scroll of identify for 20 gold pieces
  2190 | D        | Bought an embroidered scarf for 216 gold pieces
  2201 | D        | Bought a helmet for 85 gold pieces
  2240 | D        | Noticed an elephant
  2240 | D        | Noticed a centaur warrior
  2240 | D        | Noticed Kirke
  2240 | D        | Noticed a yaktaur captain
  2240 | D        | Noticed a kobold demonologist
  2240 | D        | Noticed a skeletal warrior
  2243 | D        | Noticed a sphinx
  2249 | D        | Killed Kirke
  2250 | D        | Reached XP level 11. HP: 101/101 MP: 11/11
  2251 | D        | Killed a yaktaur captain
  2256 | D        | Killed an elephant
  2257 | D        | Reached skill level 10 in Armour
  2268 | D        | Killed a skeletal warrior
  2269 | D        | Reached skill level 15 in Fighting
  2272 | D        | Killed a centaur warrior
  2272 | D        | Identified the +9 long sword of Trial by Ordeal {flame,
                  | rElec rPois Will- Stlth+} (Trog gifted it to you in the
                  | Dungeon)
  2272 | D        | Received a gift from Trog
  2279 | D        | Noticed a hell hog
  2280 | D        | Killed a hell hog
  2281 | D        | Noticed a hell hog
  2286 | D        | Killed a hell hog
  2492 | D        | Received a gift from Trog
  2530 | D        | Noticed a storm dragon
  2530 | D        | Noticed a cacodemon
  2530 | D        | Noticed a bone dragon
  2531 | D        | Noticed a golden dragon
  2538 | D        | Killed a cacodemon
  2543 | D        | Killed a golden dragon
  2544 | D        | Reached skill level 16 in Fighting
  2544 | D        | Reached XP level 12. HP: 113/113 MP: 12/12
  2544 | D        | Noticed a deep elf high priest
  2544 | D        | Noticed a frost giant
  2558 | D        | HP: 5/113 [bone dragon (9)]
  2558 | D        | Mangled by a bone dragon

Illustrated notes

Levels and vault maps discovered:
D:        the_violet_keep_of_menkaure [sprint2_stairs_cluster_1,
          sprint2_shoproom, sprint2_temple, sprint2_basic_supplies,
          sprint2_obstacle_2, sprint2_obstacle_7, sprint2_obstacle_5,
          sprint2_obstacle_3, sprint2_obstacle_6, sprint2_timed_cluster_1,
          sprint2_smallroom_cluster_1, sprint2_smallroom_final_cluster_1,
          sprint2_transparent_cluster_1, sprint2_second_timed_cluster_1,
          sprint2_sniper_area_1, sprint2_heavy_combat_area_1,
          sprint2_mutation_trap_area_1, sprint2_forest_area_1,
          sprint2_light_combat_area_1, sprint2_behind_water_1,
          sprint2_near_end_vault_1]

Skill      XL: |  1  2  3  4  5  6  7  8  9 10 11 |
---------------+----------------------------------+-----
Fighting       | 6 7 8 9 10 11 12 14 16 | 16.4
Long Blades    | 6 7 8 9 10 12 14 | 14.0
Armour         | 3 4 5 6 9 13 | 13.6
Dodging        | 3 4 5 6 7 9 11 13 | 13.4

Action                   |  1- 3 |  4- 6 |  7- 9 | 10-12 || total
-------------------------+-------+-------+-------+-------++-------
Melee: Falchion          |     6 |    34 |    42 |       ||    82
       Scimitar          |       |       |    36 |    45 ||    81
       Long sword        |       |       |       |    13 ||    13
Invok: Berserk           |     1 |     1 |    10 |     4 ||    16
       Trog's Hand       |       |     2 |       |     1 ||     3
       Brothers in Arms  |       |       |     1 |     6 ||     7
  Use: Potion            |       |     1 |       |     8 ||     9
       Scroll            |       |       |       |    10 ||    10
Armor: Animal skin       |     1 |     2 |       |       ||     3
       Scale mail        |       |       |    13 |     2 ||    15
       Plate armour      |       |       |       |    41 ||    41
Dodge: Dodged            |       |    16 |    35 |    33 ||    84
       Rpst.: Falchion   |       |     5 |     4 |       ||     9
       Scimitar          |       |       |     5 |     5 ||    10
       Long sword        |       |       |       |     1 ||     1

Table legend: (Time is in decaauts)
 A = Elapsed time spent in this place.
 B = Non-inter-level travel time spent in this place.
 C = Inter-level travel time spent in this place.
 D = Time resting spent in this place.
 E = Time spent auto-exploring this place.
 F = Levels seen in this place.
 G = Mean time per level.
                   A        B        C        D        E       F      G
               +--------+--------+--------+--------+--------+-----+--------+
         Total |   2713 |   2713 |      0 |   1656 |      0 |   1 | 2713.0 |
       Dungeon |   2713 |   2713 |      0 |   1656 |      0 |   1 | 2713.0 |
               +--------+--------+--------+--------+--------+-----+--------+

Top non-repeatable levels by time:
       D: 2713 daAuts
